 Dungeon Crawl Stone Soup version 0.29-a0-559-g359e09b9d1 (webtiles) character file.

Game seed: 7420662558062227483

83 xian the Slasher (level 4, -2/37 HPs)
             Began as a Draconian Gladiator on June 10, 2022.
             Killed from afar by Natasha (11 damage)
             ... with a puff of flame
             ... on level 2 of the Dungeon.
             The game lasted 00:03:27 (1939 turns).

xian the Slasher (Draconian Gladiator)              Turns: 1939, Time: 00:03:29

Health: -2/37      AC:  6    Str: 18    XL:     4   Next: 22%
Magic:  4/4        EV: 12    Int:  9    God:
Gold:   89         SH:  3    Dex: 12    Spells: 3/3 levels left

rFire   . . .      SeeInvis .   a - +1 long sword
rCold   . . .      Faith    .   h - +0 buckler
rNeg    . . .      Spirit   .   (body armour unavailable)
rPois   .          Reflect  .   b - +0 hat
rElec   .          Harm     .   (no cloak)
rCorr   .          Rampage  .   e - +0 pair of gloves
Will    .....                   (no boots)
Stlth   +.........              (no amulet)
HPRegen 0.12/turn               (no ring)
MPRegen 0.09/turn               (no ring)

@: slowed, very slow
A: AC +5, unfitting armour, cold-blooded
a: no special abilities


You were on level 2 of the Dungeon.
You visited 1 branch of the dungeon, and saw 2 of its levels.

You collected 89 gold pieces.

Inventory:

Hand Weapons
 a - a +1 long sword (weapon)
Missiles
 c - 3 throwing nets (quivered)
 d - a javelin
Armour
 b - a +0 hat (worn)
 e - a +0 pair of gloves (worn)
 h - a +0 buckler (worn)
Potions
 g - 2 potions of curing {unknown}


   Skills:
 + Level 2.5 Fighting
 + Level 4.2 Long Blades
 + Level 1.9 Throwing
 + Level 3.3 Dodging
 + Level 0.4 Stealth
 + Level 0.1 Shields


You had 3 spell levels left.
You didn't know any spells.
Your spell library was empty.

Dungeon Overview and Level Annotations

Branches:
Dungeon (2/15)

Altars:

Annotations:
D:2 Natasha


Innate Abilities, Weirdness & Mutations

Your plain brown scales are hard. (AC +5)
You cannot fit into any form of body armour.
You are cold-blooded and may be slowed by cold attacks.


Message History

Natasha stares at you and mumbles some strange words.
You resist with some effort.
The crimson imp blinks!
Natasha stares at you and mumbles some strange words.
You resist with some effort.
You barely miss Natasha.
Natasha zaps a wand.
The puff of flame hits you! The giant cockroach closely misses you.
Natasha zaps a wand.
The puff of flame hits you.
The crimson imp blinks!
The giant cockroach barely misses you.
You barely miss Natasha.
Your tail-slap misses Natasha.
The giant cockroach bites you.
Natasha zaps a wand.
The puff of flame hits you. The giant cockroach closely misses you.
Natasha claws you but does no damage.
The crimson imp laughs crazily.
The crimson imp blinks!
You hit Natasha.
Natasha is lightly wounded.
The giant cockroach barely misses you. Natasha barely misses you.
The crimson imp blinks!
You block the giant cockroach's attack. Natasha barely misses you.
You hit Natasha.
Natasha is heavily wounded.
The giant cockroach barely misses you. x2
Natasha mumbles some strange words.
Natasha glows brightly for a moment.
Natasha casts a spell at you.
You feel as though you will be slow longer.
The giant cockroach barely misses you. Natasha closely misses you.
You hit Natasha. You tail-slap Natasha.
Natasha is severely wounded.
The giant cockroach misses you. Natasha claws you!
The giant cockroach closely misses you.
Natasha zaps a wand.
The puff of flame hits you.
* * * LOW HITPOINT WARNING * * *
You closely miss Natasha.
Natasha is severely wounded.
The giant cockroach misses you.
Natasha mumbles some strange words.
The giant cockroach barely misses you.
Natasha zaps a wand.
The puff of flame hits you!
You die...

##### ## #...#
.. #.#.# .#
#.#.# .# #.#.#
.#
#.#.####5#.#..#
#.#....@h.....#
#.######B#.#..#
#.######.#
#......#.#
######.#.#
#.#.# #.#.#
#.#.# #.#


You could see an iron imp (summoned), Natasha and a giant cockroach.

Vanquished Creatures
  Natasha (twice) (D:2)
  A worm (D:2)
  An endoplasm (D:1)
  4 giant cockroaches
  3 goblins
  4 hobgoblins (D:1)
  2 jackals (D:2)
  A kobold (D:1)
  A quokka (D:1)
  4 bats
  A frilled lizard (D:1)
  3 rats
27 creatures vanquished.

Notes
Turn   | Place    | Note
-------+----------+-------------------------------------------
     0 | D:1      | xian the Draconian Gladiator began the quest for the Orb.
     0 | D:1      | Reached XP level 1. HP: 17/17 MP: 1/1
   231 | D:1      | Found a faded altar of an unknown god.
   334 | D:1      | Reached XP level 2. HP: 23/24 MP: 2/2
  1187 | D:2      | Noticed Natasha
  1195 | D:2      | Noticed a crimson imp
  1196 | D:2      | Noticed a crimson imp
  1198 | D:2      | Killed Natasha
  1199 | D:2      | Reached XP level 3. HP: 13/30 MP: 3/3
  1433 | D:2      | Noticed Natasha
  1444 | D:2      | Killed Natasha
  1445 | D:2      | Reached skill level 4 in Long Blades
  1445 | D:2      | Reached XP level 4. HP: 2/37 MP: 4/4
  1927 | D:2      | Noticed Natasha
  1939 | D:2      | Killed from afar by Natasha

Illustrated notes

Levels and vault maps discovered:
D:1:      minmay_arrival_checkered_box, layout_basic,
          ebering_ecumenical_altar_hall, minmay_misc_feat_alley
D:2:      layout_basic, uniq_natasha

Skill      XL: |  1  2  3 |
---------------+----------+-----
Dodging        | 3 |  3.3
Long Blades    | 4 |  4.2
Fighting       | |  2.5
Throwing       | |  1.9
Stealth        | |  0.4
Shields        | |  0.1

Action                   |  1- 3 |  4- 6 || total
-------------------------+-------+-------++-------
Melee: Long sword        |    70 |    24 ||    94
       Tailslap          |     4 |     2 ||     6
  Use: Scroll            |     5 |       ||     5
Armor: Skin              |    30 |    15 ||    45
Dodge: Dodged            |    55 |    30 ||    85
Block: Buckler           |     8 |     4 ||    12

Table legend: (Time is in decaauts)
 A = Elapsed time spent in this place.
 B = Non-inter-level travel time spent in this place.
 C = Inter-level travel time spent in this place.
 D = Time resting spent in this place.
 E = Time spent auto-exploring this place.
 F = Levels seen in this place.
 G = Mean time per level.
                   A        B        C        D        E       F      G
               +--------+--------+--------+--------+--------+-----+--------+
         Total |   1978 |   1951 |     27 |    385 |   1140 |   2 |  989.0 |
       Dungeon |   1978 |   1951 |     27 |    385 |   1140 |   2 |  989.0 |
               +--------+--------+--------+--------+--------+-----+--------+

Top non-repeatable levels by time:
     D:1: 1040 daAuts
     D:2: 937 daAuts
